 Dungeon Crawl Stone Soup version 0.20-a0-893-g832831a (webtiles) character file.

7 Denreik the Ducker (level 1, -5/11 HPs)
             Began as a Spriggan Abyssal Knight on Mar 18, 2017.
             Was a Follower of Lugonu.
             Slain by an ancient zyme (10 damage)
             ... on level 2 of the Abyss.
             The game lasted 00:02:13 (106 turns).

Denreik the Ducker (Spriggan Abyssal Knight)         Turns: 106, Time: 00:02:14

Health: -5/11      AC:  2    Str:  8    XL:     1   Next: 83%
Magic:  3/3        EV: 19    Int: 13    God:    Lugonu [*.....]
Gold:   0          SH:  0    Dex: 15    Spells: 0/0 levels left

rFire    . . .     SeeInvis +   a - +1 spear
rCold    . . .     Gourm    .   b - +0 robe
rNeg     . . .     Faith    .   (shield restricted)
rPois    .         Spirit   .   (helmet restricted)
rElec    .         Reflect  .   (no cloak)
rCorr    .         Harm     .   (gloves unavailable)
MR       .....                  (boots unavailable)
Stlth    ++........             (no amulet)
Regen    0.0/turn               (no ring)
MPRegen  0.1/turn               (no ring)

@: non-regenerating, diseased, very quick
A: unfitting armour, see invisible, herbivore 3, speed 3, slow metabolism 2
a: Depart the Abyss, Renounce Religion


You were on level 2 of the Abyss.
You worshipped Lugonu.
Lugonu was aware of your devotion.
You were not hungry.

You visited 0 branches of the dungeon, and saw 0 of its levels.
You visited the Abyss 1 time.

Inventory:

Hand Weapons
 a - a +1 spear (weapon)
Armour
 b - a +0 robe (worn)
Wands
 f - a wand of random effects (21/48)
 g - a wand of lightning (10/15)
Scrolls
 d - a scroll of summoning {unknown}
 e - a scroll of blinking {unknown}
Comestibles
 c - a bread ration


   Skills:
 - Level 2.4 Fighting
 - Level 1.3 Polearms
 * Level 4.1 Dodging
 * Level 1.2 Stealth
 - Level 1.7 Invocations


You couldn't memorise any spells.
You didn't know any spells.

Dungeon Overview and Level Annotations

Branches:
Dungeon (0/15)

Altars:


Innate Abilities, Weirdness & Mutations

You are very small and have problems with some larger weapons.
You are too small for most types of armour.
You have supernaturally acute eyesight. (SInv)
You are a herbivore.
You cover ground extremely quickly.
You need consume almost no food.


Message History

Aim: an ancient zyme The puff of flame hits the ancient zyme.
The ancient zyme is lightly damaged.
Evoking this partially-identified wand wasted a few charges.
Unknown command.
Evoke which item? (* to show all) (? for menu, Esc to quit)
Aiming: Random Effects (will waste charges)
Press: ? - help, Shift-Dir - straight line, f/p - ancient zyme
Aim: an ancient zyme (lightly damaged)
The ancient zyme flickers and vanishes for a moment.
Evoking this partially-identified wand wasted a few charges.
Evoke which item? (* to show all) (? for menu, Esc to quit)
Aiming: Random Effects (will waste charges)
Press: ? - help, Shift-Dir - straight line, f/p - ancient zyme
Aim: an ancient zyme (lightly damaged, slightly transparent)
The ancient zyme seems to speed up.
Evoking this partially-identified wand wasted a few charges.
The ancient zyme hits you!
Ouch! That really hurt!
You die...

.# ##.## ## #
..... ##.##.#.
..5. .# ....
#.##. .#.# ## #
###..##...##..##
. #....####.5.#
..# ##
.#@x..##.#
###..# #
#...#####.#.#..
..##
#.##.#.....##.#
.##. ..#. ...#.
. ##.###.......#
. . .....##.. .#
# ### .#.# .
.#.#....#.. ##x
.#..#. . ## .
##.#.# ..#. #.#
.#.. . . ..
.#.##. ## # #..#
x#.. .... %. .#
# #. #..


You could see an ancient zyme (invisible) and an iron imp.

Vanquished Creatures
  A white imp (Abyss:2)
1 creature vanquished.

Notes
Turn   | Place    | Note
-------+----------+-------------------------------------------
     0 | Abyss:1  | Denreik the Spriggan Abyssal Knight began the quest for the Orb.
     0 | Abyss:1  | Reached XP level 1. HP: 11/11 MP: 3/3
    57 | Abyss:2  | Noticed an ancient zyme
    67 | Abyss:2  | Reached skill level 4 in Dodging
    67 | Abyss:2  | Reached skill level 1 in Stealth
    97 | Abyss:2  | Noticed an iron imp
   106 | Abyss:2  | Slain by an ancient zyme

Vault maps used:

Skill      XL: |  1 |
---------------+----+-----
Dodging        | 4 |  4.1
Stealth        | 1 |  1.2
Fighting       | |  2.4
Polearms       | |  1.3
Invocations    | |  1.7

Action                   || total
-------------------------++-------
Melee: Spear             ||     5
Evoke: Wand              ||     4
Dodge: Dodged            ||     1
